Cogmind - Beta 16 @@@ ROGUE MODE // 2025.10.26 @ 16:22:33 Player: Phosphorus Result: Self-destructed Performance ------------- Evolutions (3) 1500 Regions Visited (4) 800 Robots Destroyed (75) 375 Value Destroyed (1796) 1796 Prototype IDs (14) 280 Alien Tech Used (0) 0 Bonus (-80) -80 TOTAL SCORE: 4671 Bonus ------- High Alert Combat Kills 22 Friendly Fire -102 Cogmind --------- Core Integrity 597/700 Matter 210/300 Energy 100/100 System Corruption 0% Temperature Cool (0) Movement Hovering (116) Ox1 Location -7/Factory Parts ------- > --- POWER (1) -------- (None) > --- PROPULSION (5) --- Hover Unit Improved Hover Unit > --- UTILITY (5) ------ Large Storage Unit Improved Melee Analysis Suite Hacking Suite Hacking Suite > --- WEAPON (2) ------- Axe > --- INVENTORY (15) --- Light Nuclear Core Meta Core Microactuators Microactuators Microactuators Improved Light Armor Plating System Shield Improved Trap Extractor (0/6) Plasma Cannon Advanced Assault Cannon Mini Grenade Launcher Subdweller Shrapnel Launcher Improved Datajack Makeshift Spear Peak State ------------ > --- POWER ------------ Nuclear Core > --- PROPULSION ------- Aluminum Leg Titanium Leg Titanium Leg Titanium Leg > --- UTILITY ---------- Disposable Heat Sink Huge Storage Unit Medium Insulated Plating Medium Insulated Plating > --- WEAPON ----------- Enhanced Autogun Enhanced Autogun > --- INVENTORY -------- Light Deuterium Engine Light Nuclear Core Meta Core Light Treads Hover Unit Improved Hover Unit Large Storage Unit Seismic Detector Medium Insulated Plating Medium Insulated Plating Hacking Suite Heavy EM Pulse Gun Beam Cannon Beam Cannon Enhanced Autogun Enhanced Autogun Advanced Assault Cannon Advanced Assault Cannon Subdweller Shrapnel Launcher Subdweller Shrapnel Launcher Improved Datajack Mining Laser Axe Makeshift Spear [Rating: 39] Favorites ----------- Power Ion Engine Engine Ion Engine Power Core Nuclear Core Propulsion Light Treads Treads Light Treads Leg Titanium Leg Wheel Subdweller Monowheel Hover Unit Hover Unit Utility Huge Storage Unit Device Disposable Heat Sink Storage Huge Storage Unit Processor Improved Signal Interpreter Hackware Hacking Suite Protection Medium Insulated Plating Weapon Enhanced Autogun Energy Gun Subdweller Laser Energy Cannon Beam Cannon Ballistic Gun Enhanced Autogun Launcher Subdweller Shrapnel Launcher Special Weapon Mining Laser Slashing Weapon Axe Build | -11 -10 -10 -8 -7 ------- Run | Yrd Mat Sub Mat Fac Slots Evolved 6 | . . . 4 2 Power . | . . . . . Propulsion 3 | . . . 2 1 Utility 3 | . . . 2 1 Weapon . | . . . . . Parts Attached 64 | 6 3 13 30 12 Power 7 | 1 . 1 4 1 Engine 5 | 1 . 1 3 . Core 2 | . . . 1 1 Reactor . | . . . . . Propulsion 22 | 2 . 4 12 4 Treads 7 | 2 . 1 4 . Leg 8 | . . 1 7 . Wheel 3 | . . 2 1 . Hover 4 | . . . . 4 Flight . | . . . . . Utility 17 | 1 2 1 7 6 Device 6 | . 1 1 2 2 Storage 4 | 1 1 . 1 1 Processor 2 | . . . 1 1 Hackware 2 | . . . . 2 Protection 3 | . . . 3 . Artifact . | . . . . . Weapon 18 | 2 1 7 7 1 Energy Gun 1 | . . 1 . . Energy Cannon 7 | . 1 5 1 . Ballistic Gun 7 | 2 . . 5 . Ballistic Cannon . | . . . . . Launcher 1 | . . . 1 . Special Weapon 1 | . . 1 . . Impact Weapon . | . . . . . Slashing Weapon 1 | . . . . 1 Piercing Weapon . | . . . . . Special Melee Weapon . | . . . . . Unidentified Prototypes 2 | . . . 2 . Parts Lost 20 | . . 6 10 4 Power 3 | . . 1 1 1 Propulsion 12 | . . 3 7 2 Utility 4 | . . 1 2 1 Weapon 1 | . . 1 . . Highest Loss Streak 4 | . . 4 4 3 To Critical Strikes . | . . . . . Average Backups 19 | 4 9 18 24 15 Power 2 | . 1 2 2 . Propulsion 2 | 2 1 1 3 . Utility 3 | . . 1 4 5 Weapon 11 | 1 5 12 12 6 Tool/Special . | . . . . . Unused Backups 40 | . 4 . 19 17 Power 7 | . . . 7 . Propulsion 4 | . 3 . 1 . Utility 8 | . . . . 8 Weapon 19 | . 1 . 11 7 Tool/Special 2 | . . . . 2 Average Slot Usage (%) 96 | . 99 99 95 77 Engine 8 | . 14 14 3 . Core 2 | . . . 5 5 Treads 14 | . 28 24 2 . Leg 12 | . . 1 27 5 Wheel 1 | . . 1 2 . Hover 1 | . . . . 23 Device 11 | . 13 13 10 5 Storage 12 | . 14 14 10 7 Protection 5 | . . . 11 2 Energy Gun 3 | . . 7 . . Energy Cannon 8 | . 11 16 1 . Ballistic Gun 10 | . 16 3 16 2 Peak Build Rating 39 | 6 8 17 39 39 Average Rating 20 | 5 7 10 33 31 On Entrance 14 | . 6 8 17 39 Avg Prop Armor Cover (%) 10 | . . 10 10 . Naked Turns . | . . . . . Heaviest Build 110 | 13 91 98 110 108 Greatest Support 80 | 40 40 40 80 61 Greatest Overweight (x) 33 | . 2 4 33 1 Average Overweight (x) 1 | . 1 2 1 . Largest Inventory Capacity 25 | 8 25 25 25 25 Average Capacity 24 | 7 19 25 25 16 Most Carried 25 | 8 12 25 25 25 Average Carried 20 | 4 9 18 24 15 Final Capacity 25 | 8 25 25 25 15 Final Carried 25 | 8 12 25 25 14 Class Distribution -------------------- 85% | Mutant 12% | Scavenger-Mutant Dominant Class ---------------- Mutant | -10/Materials Mutant | -10/Subcaves Mutant | -8/Materials Scavenger-Mutant | -7/Factory Resources | -11 -10 -10 -8 -7 ----------- Run | Yrd Mat Sub Mat Fac Matter Collected 1912 | 320 68 208 1286 30 Remotely . | . . . . . Salvage Created 2640 | 166 147 247 2015 65 Parts 140 | 7 7 12 113 1 Haulers Intercepted 7 | . 1 . 6 . Recyclers Shooed . | . . . . . Parts Field Recycled . | . . . . . Retrieved Matter . | . . . . . Parts Self-Destructed 10 | . . 10 . . Prevented . | . . . . . Parts Restored . | . . . . . Kills | -11 -10 -10 -8 -7 ------- Run | Yrd Mat Sub Mat Fac Combat Hostiles Destroyed 41 | . 2 6 33 . Guns 24 | . . 2 22 . Cannons 11 | . 2 4 5 . AOE 6 | . . . 6 . Classes Destroyed 13 | 2 5 2 4 . Worker 6 | . . . 5 1 Builder 3 | . . . 3 . Tunneler 4 | 3 . . 1 . Hauler 7 | . 1 . 6 . Recycler 3 | 1 . . 2 . Operator 4 | . 1 . 3 . Watcher 7 | . 1 . 5 1 Swarmer 11 | . 1 . 10 . Grunt 14 | . 1 . 13 . Sentry 9 | . . . 9 . Hunter 1 | . . . 1 . Artisan 1 | . . 1 . . Subdweller 6 | . . 6 . . Best Kill Streak 7 | 2 2 2 7 1 Combat Bots Only 6 | . 1 2 6 . Max Kills in Single Turn 3 | 1 1 1 3 1 Gunslinging 1 | . . . 1 . Exploded 3 | . . . 3 . Melee . | . . . . . Uniques/NPCs Destroyed . | . . . . . Combat | -11 -10 -10 -8 -7 -------- Run | Yrd Mat Sub Mat Fac Hostile Shots Fired 356 | . 16 59 209 72 Missed 110 | . 7 11 54 38 Hits 246 | . 9 48 155 34 Projectile 246 | . 9 48 155 34 AOE 1 | . . . 1 . Critical Strikes 7 | . . 1 6 . Damage Taken 4020 | . 84 1033 2536 367 Core 806 | . 9 171 523 103 Absorbed by Shields . | . . . . . Ignored by Resistances 8 | . . . 4 4 Core Remaining (%) 44 | 100 . 28 4 . Volleys Fired 220 | 15 15 49 141 . Largest 2 | 2 2 2 2 . Hottest 140 | 40 80 140 100 . Shots Fired 408 | 30 30 77 271 . Gun 305 | 30 15 32 228 . Cannon 87 | . 15 34 38 . Launcher 5 | . . . 5 . Special 11 | . . 11 . . Kinetic 291 | 30 15 13 233 . Thermal 117 | . 15 64 38 . Explosive . | . . . . . Electromagnetic . | . . . . . Robot Hit Streak 22 | 6 5 22 18 . Robot Miss Streak 4 | 3 2 2 4 . Penetration Max . | . . . . . Secondary Targets 3 | . . . 3 . Max Gunslinging Chain 1 | . . . 1 . Shots Hit Robots 269 | 19 18 51 176 5 Core Hits 112 | 7 5 13 86 1 Critical Kills 2 | . 1 . 1 . Critical Parts Destroyed . | . . . . . Critical Strikes 2 | . 1 . 1 . Meltdown 2 | . 1 . 1 . Melee Attacks 10 | . . . . 10 Impact . | . . . . . Slashing 10 | . . . . 10 Piercing . | . . . . . Sneak Attacks 1 | . . . . 1 Combat Hostiles . | . . . . . Follow-up Attacks . | . . . . . Damage Inflicted 5361 | 194 287 924 3712 244 Guns 3231 | 194 106 440 2491 . Cannons 1215 | . 176 484 555 . Explosions 538 | . . . 538 . Melee 244 | . . . . 244 Ramming 133 | . 5 . 128 . Kinetic 3443 | 194 106 114 3029 . Thermal 1541 | . 176 810 555 . Explosive . | . . . . . Electromagnetic . | . . . . . Impact . | . . . . . Slashing 244 | . . . . 244 Piercing . | . . . . . Highest Corruption . | . . . . . Average Corruption . | . . . . . Corruption Purged . | . . . . . Corruption Blocked . | . . . . . Overload Shots . | . . . . . Overflow Damage 68 | . . 8 . 60 Projectiles 8 | . . 8 . . Explosions . | . . . . . Melee 60 | . . . . 60 Knockbacks 1 | . . . 1 . Impact 1 | . . . 1 . Kinetic . | . . . . . Secondary . | . . . . . Self-Inflicted Damage 52 | . . . 52 . Shots 2 | . . . 2 . Rammed 6 | . 1 . 5 . Targets Rammed 11 | . 1 . 10 . Kicked 5 | . . . 5 . Crushed . | . . . . . Highest Temperature 185 | . 72 37 185 . Average Temperature 50 | . 28 15 56 . Received Heat Transfer 1269 | . 18 129 1002 120 Siege Activations . | . . . . . Martial Activations . | . . . . . Shielding Activations . | . . . . . Robots Disrupted . | . . . . . Combat Hostiles . | . . . . . Robots Corrupted . | . . . . . Combat Hostiles . | . . . . . Parts Fried . | . . . . . Impact Corruptions . | . . . . . Robots Melted 2 | . 1 . 1 . Combat Hostiles . | . . . . . Parts Melted 9 | . 1 5 3 . Heat Transferred 2879 | . 370 1362 1147 . Parts Sabotaged . | . . . . . Parts Stolen . | . . . . . Parts Stripped . | . . . . . Power Chain Reactions . | . . . . . Alert | -11 -10 -10 -8 -7 ------- Run | Yrd Mat Sub Mat Fac Maximum Alert Level 2 | . . . 2 . Low Security (%) 34 | 100 100 . 17 100 Level 1 54 | . . . 69 . Level 2 10 | . . . 13 . Level 3 . | . . . . . Level 4 . | . . . . . Level 5 . | . . . . . High Security . | . . . . . Max Security . | . . . . . Peak Influence 431 | 5 53 . 431 159 Initial 159 | . . . . 159 Average 260 | 1 10 . 317 108 Influence Increases 1441 | 20 129 15 1122 155 Destroy 0b10 Robot/C 700 | . 40 . 660 . Destroy 0b10 Robot/NC 170 | 20 15 . 125 10 Destroy Leader 218 | . 24 . 192 2 Successful Hack 25 | . 4 . . 21 Disable Machine 45 | . . . 45 . Destroy Structure 58 | . 1 . 55 2 Partial Spotted 105 | . 30 . 30 45 Lose Combat Pursuer 120 | . 15 15 15 75 Influence Decreases 1397 | 20 129 15 770 463 Entered New Map 193 | . . . . 193 Time Decay 1064 | 20 129 15 670 230 Lost Part 140 | . . . 100 40 Squads Dispatched 10 | . 1 . 7 2 Investigation 3 | . . . 3 . Extermination 2 | . . . . 2 Reinforcement 4 | . 1 . 3 . Assault . | . . . . . Garrison 1 | . . . 1 . Intercept . | . . . . . Searches Triggered . | . . . . . Construction Impeded . | . . . . . Haulers Reinforced . | . . . . . Active Scanning Responses . | . . . . . Cargo Convoy Interrupts . | . . . . . Stealth | -11 -10 -10 -8 -7 --------- Run | Yrd Mat Sub Mat Fac Distress Signals 7 | . . . 5 2 Communications Jammed . | . . . . . Distress Signals . | . . . . . Times Spotted 86 | . 8 10 54 14 Peak Tracking Total 7 | . 3 2 7 6 Tactical Retreats 6 | . 1 1 1 3 Traps | -11 -10 -10 -8 -7 ------- Run | Yrd Mat Sub Mat Fac Traps Triggered 6 | . . 2 2 2 Indirectly . | . . . . . Trap Hack Attempts . | . . . . . Triggered . | . . . . . Disarmed . | . . . . . Reprogrammed . | . . . . . Reused . | . . . . . Traps Extracted . | . . . . . Installed . | . . . . . Triggered . | . . . . . Machines | -11 -10 -10 -8 -7 ---------- Run | Yrd Mat Sub Mat Fac Machines Disabled 5 | . . 2 3 . Max in Single Turn 1 | . . 1 1 . Garrison Access 1 | . . . 1 . Machines Repaired . | . . . . . Machines Dismantled . | . . . . . Machines Sabotaged . | . . . . . Overloaded Fab Kills . | . . . . . Hacking | -11 -10 -10 -8 -7 --------- Run | Yrd Mat Sub Mat Fac Machines Accessed 14 | . 2 2 7 3 Terminals 6 | . 2 . 3 1 Fabricators . | . . . . . Repair Stations 1 | . . . . 1 Recycling Units 1 | . . . 1 . Scanalyzers 3 | . . . 2 1 Garrison Access 1 | . . . 1 . Total Hacks 33 | . 6 5 16 6 Successful 18 | . 3 5 6 4 Failed 14 | . 2 . 10 2 Catastrophic 6 | . 2 . 3 1 Database Lockouts 1 | . 1 . . . Manual 14 | . 6 . 8 . Terminals 15 | . 6 . 8 1 Fabricators . | . . . . . Repair Stations 2 | . . . . 2 Recycling Units 3 | . . . 3 . Scanalyzers 7 | . . . 4 3 Garrison Access 1 | . . . 1 . Terminal Hacks 6 | . 1 5 . . Record 4 | . . 4 . . Part Schematic 1 | . 1 . . . Proto ID Catalog 1 | . . 1 . . Fabricator Hacks . | . . . . . Repair Station Hacks 1 | . . . . 1 Refit 1 | . . . . 1 Recycling Unit Hacks 1 | . . . 1 . Retrieve Components 1 | . . . 1 . Scanalyzer 7 | . . . 4 3 Insert Component 2 | . . . 1 1 Analyze 3 | . . . 2 1 Retrieve Study 2 | . . . 1 1 Garrison Access Hacks 1 | . . . 1 . Seal Access 1 | . . . 1 . Unauthorized Hacks 2 | . 2 . . . Terminals 2 | . 2 . . . Operators 1 | . 1 . . . Skim 1 | . 1 . . . Fabricators . | . . . . . Repair Stations . | . . . . . Recycling Units . | . . . . . Scanalyzers . | . . . . . Garrison Access . | . . . . . Data Cores Recovered . | . . . . . Used . | . . . . . Hacking Detections 11 | . 2 . 6 3 Full Trace Events 3 | . . . 3 . Feedback Events . | . . . . . Feedback Blocked . | . . . . . Robot Schematics Acquired . | . . . . . Robots Built . | . . . . . Authchips . | . . . . . Time . | . . . . . Total Robot Build Rating . | . . . . . Part Schematics Acquired 3 | . 1 . 1 1 Parts Built . | . . . . . Authchips . | . . . . . Time . | . . . . . Total Part Build Rating . | . . . . . Part Studies Acquired 2 | . . . 1 1 Parts Repaired . | . . . . . Time . | . . . . . Parts Recycled . | . . . . . Recycled Matter . | . . . . . Retrieved Matter . | . . . . . Retrieved Components 5 | . . . 5 . Parts Scanalyzed 2 | . . . 1 1 Part Schematics Acquired 2 | . . . 1 1 Parts Damaged . | . . . . . Bothacking | -11 -10 -10 -8 -7 ------------ Run | Yrd Mat Sub Mat Fac Used RIF Installer . | . . . . . Robots Hacked . | . . . . . Non-combat . | . . . . . Combat . | . . . . . Robot Hacks Applied . | . . . . . Relay Couplers Released 3 | . . . 3 . Machine Destruction 3 | . . . 3 . Fabnet Peak Effective % . | . . . . . Robots Rewired . | . . . . . Allies Hacked . | . . . . . Hacks Repelled . | . . . . . Allies | -11 -10 -10 -8 -7 -------- Run | Yrd Mat Sub Mat Fac Total Allies . | . . . . . Largest Group . | . . . . . Highest-Rated Group . | . . . . . Highest-Rated Ally . | . . . . . Total Orders . | . . . . . Ally Attacks . | . . . . . Total Damage . | . . . . . Kills . | . . . . . Allies Corrupted . | . . . . . Allies Melted . | . . . . . Intel | -11 -10 -10 -8 -7 ------- Run | Yrd Mat Sub Mat Fac Active Infowar (turns) 6223 | . 660 4670 635 258 Optics 635 | . . . 635 . Seismic 5588 | . 660 4670 . 258 Robot Analysis Total . | . . . . . Derelict Logs Recovered 1 | . . 1 . . Drone Launches . | . . . . . Drone Recoveries . | . . . . . Exploration | -11 -10 -10 -8 -7 ------------- Run | Yrd Mat Sub Mat Fac Turns Passed 11506 | 148 667 5301 4898 492 Spaces Moved 4350 | 57 243 1657 1825 568 Core 3 | 1 . . 2 . Treads 1668 | 56 243 1290 79 . Legs 1399 | . . . 1361 38 Wheels 750 | . . 367 383 . Hover 530 | . . . . 530 Flight . | . . . . . Fastest Speed 48 | 50 160 150 129 48 Average Speed 214 | 158 240 282 196 68 Slowest Speed 1700 | 160 320 480 1700 197 Overloaded Moves . | . . . . . Propulsion Burnouts . | . . . . . Robots Hopped . | . . . . . Potential Cave-ins . | . . . . . Cave-ins Triggered . | . . . . . Exploration Rate (%) 47 | 4 46 82 84 20 Regions Visited 4 Branch Regions 1 Pre-discovered Areas 1 | . . 1 . . Known Exits Taken 1 | . . . 1 . Unknown Exits Taken 3 | 1 1 1 . . Scrap Searched 1 | . . 1 . . Spaces Dug 45 | . . . 43 2 Terrain Destroyed 59 | . . . 57 2 Melee 2 | . . . . 2 Projectile . | . . . . . AOE 57 | . . . 57 . Terrain Rammed . | . . . . . Walls Destroyed . | . . . . . Machines Disabled . | . . . . . Actions | -11 -10 -10 -8 -7 --------- Run | Yrd Mat Sub Mat Fac Total 6177 | 85 299 2168 2957 668 Wait 1341 | . 22 426 856 37 Move 4346 | 56 242 1656 1824 568 Hop . | . . . . . Pick Up 80 | 8 10 17 37 8 Fast Attach 26 | 6 . 2 18 . Attach 28 | . 2 5 11 10 Detach 19 | . . 1 9 9 Swap 25 | . 1 12 8 4 Drop 71 | . 6 . 43 22 Fire 220 | 15 15 49 141 . Melee 10 | . . . . 10 Ram 4 | . . . 4 . Kick 5 | . . . 5 . Crush 2 | . 1 . 1 . Escape Stasis . | . . . . . Rewire . | . . . . . Trap . | . . . . . Miscellaneous . | . . . . . Route ------- -11/Scrapyard -10/Materials (discovered 2 exits: [*Min] / *Sub) -10/Subcaves (discovered 3 exits: *Mat x2 / [*Rec]) -8/Materials (discovered 2 exits: *Fac x2) -7/Factory (discovered 3 exits: [*Fac] / [*Low x2]) History --------- Turn | Location | Event 11 | -11/Scrapyard | Discovered new exit (range 14) 149 | -11/Scrapyard | Entered Materials 192 | -10/Materials | Central database locked down 307 | -10/Materials | Build established: Mutant 409 | -10/Materials | Discovered new exit (range 7) 530 | -10/Materials | Discovered new exit (range 6) 816 | -10/Materials | Entered Subcaves 1584 | -10/Subcaves | Learned location of Zion (-6) 1584 | -10/Subcaves | Met a Zionite searching for "candidates" 1862 | -10/Subcaves | Shifting Twisted Machinery released Battle Cannon 2011 | -10/Subcaves | Shifting Twisted Machinery released Battle Rifle 2070 | -10/Subcaves | Shifting Twisted Machinery released Sub. Shrapnel Launcher 2166 | -10/Subcaves | Discovered new exit (range 13) 3017 | -10/Subcaves | A swath of the cavern ceiling suddenly collapsed 3107 | -10/Subcaves | Shifting Twisted Machinery released Sub. Laser 3328 | -10/Subcaves | Discovered new exit (range 14) 4352 | -10/Subcaves | Core integrity fell below 50% 5556 | -10/Subcaves | Lost 4 parts (2n1u1w) 5560 | -10/Subcaves | Discovered new exit (range 11) 5568 | -10/Subcaves | Shifting Twisted Machinery released Sub. Monowheel 5573 | -10/Subcaves | Shifting Twisted Machinery released Battle Cannon 5764 | -10/Subcaves | Visited Clippyterm 5768 | -10/Subcaves | Learned Research security intel 5768 | -10/Subcaves | Learned Factory garrison access intel 5792 | -10/Subcaves | Learned location of 1 exit from Materials 5835 | -10/Subcaves | Visited 4L-MR0's lab 5867 | -10/Subcaves | Found Meta Core 6117 | -10/Subcaves | Entered Materials 6117 | -8/Materials | Evolved 4 slots: Propulsion x2, Utility x2 6118 | -8/Materials | Identified exit to Factory 6546 | -8/Materials | Build established: Scavenger-Mutant 6669 | -8/Materials | Garrison activated, responded to threat 6823 | -8/Materials | Core integrity fell below 50% 6853 | -8/Materials | Lost 4 parts (1p2n1u) 7117 | -8/Materials | Build established: Mutant 7618 | -8/Materials | Build established: Scavenger-Mutant 8108 | -8/Materials | Core integrity fell below 20% 8248 | -8/Materials | Build established: Mutant 10513 | -8/Materials | Discovered exit to Factory (range 5) 11015 | -8/Materials | Entered Factory 11015 | -7/Factory | Evolved 2 slots: Propulsion x1, Utility x1 11016 | -7/Factory | Loaded intel: 4 garrison access locations 11239 | -7/Factory | Discovered new exit (range 12) 11390 | -7/Factory | Discovered new exit (range 12) 11392 | -7/Factory | Discovered new exit (range 13) 11450 | -7/Factory | Lost 3 parts (1p1n1u) 11507 | -7/Factory | Self-destructed Last Messages --------------- +10% accuracy 11376_ W-25 Informer sends out distress signal. 11378_ Destroyed Imp. Hover Unit. 11382_ Destroyed Lgt. Deuterium Engine. 11390_ EXIT=FOUND 11401_ Imp. Hover Unit+ destroyed. 11413_ Seismic Detector destroyed. 11419_ Backup Power VII destroyed. 11429_ K-01 Serf cleans the TF Node. 11448_ Dropped Imp. Light Armor Plating. 11477_ ALERT: Potential suspicious activity detected, Programmers report to Factory Zone 6W. 11484_ Sneak attack on K-01 Serf. 11484_ Destroyed Wheel. 11484_ K-01 Serf destroyed. 11487_ Acquired 30 matter. 11499_ Triggered Ambush Trap. 11499_ L-41 Fighter emerges from a hatch in the floor. 11499_ S-27 Virus emerges from a hatch in the floor. 11506_ Hover Unit destroyed. Map ----- +----------------------------------------------------+ | ????????????????????????????# # #?????? | | ????????????????????????????# ###########?????? | | ????????????????????????????# #???##?###? | | ????????????????????????????########## #??? #? | | ?????????????????????????????????????# #??"" #? | | ??????????????????????????????######?# #?"T" ?#? | | ??????????????????????????????# # # " " #? | | ??????????????????????????????# """ # # #? | | ??????????????????????????????# """ + + """ ??? | | ??????????????????????????????# """ # # """ ??? | | ??????????????????????????????# # # """ ??? | | ??????????????????????????????#! | ?# #? ??? | | ??????????????????????????????######?# #??######?? | | ?????????????????????????????????????# #?????????? | | ????????????????????????####?????????# #?????????? | | ?????????????????????? ?????????# #?????????? | | ??????????????????????" " " ###??????# #?????????? | | ????????????????????# " " " + #??????# #?????????? | | ????????????????????# " " " # #??????# #?????????? | | ????????????????????# " " " # ######## #?????????? | | ????????????????????# " " " l #?????????? | | ????????????????????# " " " # #?????????? | | ????????????????????# " " "s# """ #?????????? | | ????????????????????# " " " + "Y" #?????????? | | ????????????????????# " " " # #?????????? | | ????????????????????# @s # #?????????? | | ????????????????????######### """ #?????????? | | ??????????????????????????? """ #?????????? | | ??????????????????????????# """ #?????????? | | ??????????????????????????+ #?????????? | | ??????????????????????????# #?????????? | | ??????????????????????????# #?????????? | | ??????????????????????????# ########?????????? | | ??????????????????????????# #????????????????? | | ??????????????????????????# #????????????????? | | ??????????????????????????# #????????????????? | | ??????????????????????????# ????????????????? | | ??????????????????????????# ????????????????? | | ??????????????????????????? ?????????????????? | | ?????????????????????????????###?????????????????? | | ?????????????????????????????????????????????????? | | ?????????????????????????????????????????????????? | | ?????????????????????????????????????????????????? | | ?????????????????????????????????????????????????? | | ?????????????????????????????????????????????????? | | ?????????????????????????????????????????????????? | | ?????????????????????????????????????????????????? | | ?????????????????????????????????????????????????? | | ?????????????????????????????????????????????????? | | ?????????????????????????????????????????????????? | +----------------------------------------------------+ Best States ------------- Heat Dissipation 34 Coolant Potential 100 Energy Generation 17 Energy Capacity 525 Matter Stores 300 Matter Capacity 300 Sight Range 21 Terrain Scan Density 10 Armor Coverage 450 Resistance: EM 20 Melee Speed Boost 20 Evasion (%) 55 Melee Accuracy 6 Recoil Reduction 4 Offensive Hacking 20 Item Schematics ----------------- Hcp. Storage Unit | -10/Materials | Hacked Seismic Detector | -8/Materials | Scanalyzed Microactuators | -7/Factory | Scanalyzed Robot Schematics ------------------ None Fabricated ------------ Nothing Repaired ---------- Nothing Studied --------- Imp. Hover Unit | -8/Materials | Hacked Axe | -7/Factory | Hacked Alien Tech Used ----------------- None Achievements -------------- None Challenges ------------ None Game ------ Seed GodScrapoidLaser Manual? 0 Play Time 00:45:33 Cumulative 159.8 hours Start 2025.10.26 @ 14:26:13 End 2025.10.26 @ 16:22:33 Sessions 5 Manual Loads 0 Difficulty Rogue Special Mode None Game No. 93 Rogue 93 Adventurer 0 Explorer 0 Win Type - Total 5 Types 2/0/1/1/0/0/0/1/0/0 Lore% 72 Gallery% 66 Achievement% 39 Wizard Run 0 Options --------- Layout 0 ASCII 0 Keyboard 1 Movement Numpad Keybinds 0 Fullscreen 1 Font 18/SmallcapsGlow Map View 76x50 Zoom Use 0% Tactical HUD 1 Map Filters NONE Filters NONE Steam 1 RUN: e06ff61d-4836-4647-ae80-9553504cddbd